 Dungeon Crawl Stone Soup version 0.28-a0-312-gbced6e68ee (webtiles) character file.

Game seed: 12645595486734285101

7769 PentaManta the Grappler (level 11, -7/107 HPs)
             Began as a Troll Abyssal Knight on Aug 31, 2021.
             Was a High Priest of Lugonu.
             Mangled by a blink frog (13 damage)
             ... on level 3 of the Lair of Beasts.
             The game lasted 00:18:47 (8130 turns).

PentaManta the Grappler (Troll Abyssal Knight)      Turns: 8130, Time: 00:18:47

Health: -7/107     AC:  4    Str: 22    XL:     11   Next: 1%
Magic:  16/16      EV: 25    Int: 11    God:    Lugonu [*****.]
Gold:   671        SH:  0    Dex:  9    Spells: 10/10 levels left

rFire   + . .      SeeInvis .     - Unarmed
rCold   + . .      Faith    .   (no shield)
rNeg    . . .      Spirit   .   f - +0 robe {rC+ rF+}
rPois   +          Reflect  .   (helmet restricted)
rElec   .          Harm     .   b - scarf {repulsion}
rCorr   .          Rampage  .   (gloves unavailable)
Will    .....                   (boots unavailable)
Stlth   +.........              u - amulet of the acrobat
HPRegen 1.27/turn               I - ring of poison resistance
MPRegen 0.15/turn               (no ring)

@: lethally poisoned (-7 -> -8), acrobatic, repel missiles
A: large, unfitting armour, claws 3, regeneration 1, shaggy fur 1, tough skin 1
a: Renounce Religion, Depart the Abyss, Bend Space, Banish, Corrupt, Enter the
Abyss


You were on level 3 of the Lair of Beasts.
You worshipped Lugonu.
Lugonu was extremely pleased with you.
You visited 3 branches of the dungeon, and saw 13 of its levels.
You visited the Abyss 1 time.

You collected 671 gold pieces.

Inventory:

Hand Weapons
 h - a +2 dagger of venom
 B - a +0 giant club
 G - a +1 spear of venom
 H - a +1 whip of freezing
Missiles
 g - 3 silver javelins (quivered)
 s - a throwing net
 y - 6 javelins
 F - 8 poisoned darts
Armour
 b - a scarf of repulsion (worn)
 f - a +0 robe of resistance (worn)
 C - the +0 robe "Aphe" {Dex+8 Archmagi}
   (You found it on level 8 of the Dungeon)

   Dex:       It affects your dexterity (+8).
   Archmagi:  It increases the power of your magical spells.
Jewellery
 p - an amulet of faith
 t - an amulet of guardian spirit
 u - an amulet of the acrobat (around neck)
 I - a ring of poison resistance (left claw)
Wands
 i - a wand of acid (11)
 m - a wand of paralysis (9)
 v - a wand of polymorph (5)
Scrolls
 e - a scroll of enchant armour
 o - a scroll of blinking
 w - 2 scrolls of teleportation
 x - 2 scrolls of enchant weapon
Potions
 a - 3 potions of lignification
 c - 2 potions of berserk rage
 d - 4 potions of curing
 j - 3 potions of heal wounds
 k - 3 potions of attraction
 l - a potion of brilliance
 q - 2 potions of flight
 z - a potion of might
 J - a potion of haste


   Skills:
 * Level 6.7 Fighting
 * Level 3.9 Dodging
 + Level 11.9 Unarmed Combat
 - Level 8.1 Invocations


You had 10 spell levels left.
You didn't know any spells.
Your spell library contained the following spells:

 Spells                   Type           Power      Damage    Failure   Level
 Magic Dart               Conj           0%         1d3       34%         1
 Summon Small Mammal      Summ           0%         N/A       34%         1
 Searing Ray              Conj           0%         3d3       47%         2
 Call Canine Familiar     Summ           0%         N/A       71%         3
 Summon Guardian Golem    Hex/Summ       0%         N/A       71%         3
 Fulminant Prism          Conj/Hex       0%         3d6       98%         4
 Olgreb's Toxic Radiance  Pois           0%         N/A       98%         4
 Ozocubu's Refrigeration  Ice            0%         4d5       100%        7
 Ignition                 Fire           0%         3d3       100%        8


Dungeon Overview and Level Annotations

Branches:
Dungeon (9/15)             Temple (1/1) D:7            Lair (3/6) D:9
  Swamp: Lair:2-4    Shoals: Lair:2-4     Snake: Lair:2-4    Spider: Lair:2-4
    Orc: D:9-12

Altars:
Dithmenos
Hepliaklqana
Qazlal
Ru
Sif Muna
Yredelemnul

Shops:
D:1 (   D:2 [   D:4 *

Annotations:
Lair:1 exclusion: orange crystal statue


Innate Abilities, Weirdness & Mutations

You are too large for most types of armour.
You have claws for hands.
Your natural rate of healing is unusually fast.
You are covered in fur. (AC +1)
You have tough skin. (AC +1)


Message History

The cane toad poisons you!
You climb downwards.
You feel very sick.
The blink frog croaks.
The blink frog gives a loud, deep croak! x2
The blink frog croaks.
Found 21 stones.
There is a stone staircase leading up here.
You mangle the cane toad!!
The cane toad is heavily wounded.
You feel very sick. The cane toad barely misses you.
The blink frog blinks!
You claw the cane toad!
The cane toad is almost dead.
You feel very sick. The cane toad stings you!!
The blink frog blinks!
The blink frog completely misses you.
You scratch the cane toad but do no damage.
The cane toad is almost dead.
You feel very sick. The cane toad stings you! The blink frog hits you.
The blink frog blinks!
The blink frog hits you!
The blink frog blinks!
You are too injured to fight recklessly!
You are too injured to fight recklessly!
You are too injured to fight recklessly!
You scratch the blink frog.
The blink frog is lightly wounded.
You feel very sick. The cane toad stings you. The blink frog barely misses you.
The blink frog blinks! x2
Unknown command.
You closely miss the blink frog.
You feel sick. The blink frog closely misses you. The cane toad stings you.
The blink frog hits you!!
* * * LOW HITPOINT WARNING * * *
The blink frog hits you!
* * * LOW HITPOINT WARNING * * *
The blink frog blinks!
You feel sick. The blink frog hits you!
You die...

#.... ####..#.#
.#......#
#.......#
###.......#
##.......^.##
#.....ยง.....#
#..FFF...F.#
#...F@.....#
.............P#
##...........##
#P...........#
##.....^.....#
#.P###P#(..#F#
### ###..####
..#


You could see a cane toad and 5 blink frogs.

Vanquished Creatures
  Pikel (D:6)
  A deep elf pyromancer (D:7)
  Joseph (D:9)
  3 cane toads (Lair:1)
  A komodo dragon (Lair:1)
  A polar bear (Lair:1)
  A hornet (D:9)
  Grinder (D:3)
  A wyvern (Lair:1)
  9 yaks
  2 vampire mosquitoes (D:9)
  A necrophage (D:8)
  An orc warrior (D:8)
  3 sky beasts
  An ice beast (D:7)
  A centaur (D:9)
  5 ogres
  4 lemures (D:6)
  A kobold brigand (D:9)
  8 bullfrogs
  2 scorpions
  A water moccasin skeleton (D:4)
  A wyvern skeleton (D:7)
  4 wights
  4 killer bees (D:9)
  A howler monkey (D:8)
  4 hounds
  2 jellies
  4 orc priests
  A bullfrog skeleton (D:6)
  2 gnoll shamans
  4 iguanas
  4 orc wizards
  A killer bee zombie (D:9)
  A howler monkey zombie (D:8)
  12 gnolls
  7 adders
  2 ufetubi
  A worm (D:4)
  A dart slug (D:4)
  23 orcs
  4 bats
  5 endoplasms
  2 giant cockroaches (D:2)
  11 goblins
  9 hobgoblins
  4 jackals (D:2)
  4 quokkas
  6 ball pythons
  5 frilled lizards
  14 kobolds
  2 rats
195 creatures vanquished.

Vanquished Creatures (others)
  5 fungi (Lair:1)
  2 plants
7 creatures vanquished.

Grand Total: 202 creatures vanquished

Notes
Turn   | Place    | Note
-------+----------+-------------------------------------------
     0 | Abyss:1  | PentaManta the Troll Abyssal Knight began the quest for the
                  | Orb.
     0 | Abyss:1  | Reached XP level 1. HP: 22/22 MP: 1/1
    62 | Abyss:2  | Found a corrupted altar of Lugonu.
    80 | Abyss:2  | Found a corrupted altar of Lugonu.
    80 | Abyss:2  | Noticed a kobold brigand
    80 | Abyss:2  | Noticed a kobold brigand
    80 | Abyss:2  | Noticed a kobold brigand
    80 | Abyss:2  | Noticed a kobold brigand
    80 | Abyss:2  | Noticed a kobold brigand
    80 | Abyss:2  | Noticed a kobold brigand
    80 | Abyss:2  | Noticed a kobold brigand
    80 | Abyss:2  | Noticed a kobold brigand
    85 | D:1      | Escaped the Abyss
   127 | D:1      | Reached * piety under Lugonu
   560 | D:1      | Reached XP level 2. HP: 29/29 MP: 2/2
   575 | D:1      | Found Detanism's Antique Weapon Shoppe.
   781 | D:2      | Reached skill level 3 in Unarmed Combat
   829 | D:2      | Reached XP level 3. HP: 36/36 MP: 3/3
   887 | D:2      | Reached ** piety under Lugonu
   891 | D:2      | Reached skill level 4 in Unarmed Combat
   910 | D:2      | Found Emudi's Antique Armour Boutique.
   968 | D:2      | Reached XP level 4. HP: 44/44 MP: 4/4
   974 | D:2      | Found a faded altar of an unknown god.
  1392 | D:3      | Noticed Grinder
  1404 | D:3      | Killed Grinder
  1405 | D:3      | Reached skill level 6 in Unarmed Combat
  1405 | D:3      | Reached XP level 5. HP: 31/50 MP: 5/5
  1405 | D:3      | Reached XP level 6. HP: 37/59 MP: 6/6
  1481 | D:3      | Found a faded altar of an unknown god.
  1483 | D:3      | Found a hazy altar of Hepliaklqana.
  2077 | D:4      | Reached skill level 7 in Unarmed Combat
  2096 | D:4      | Reached *** piety under Lugonu
  2140 | D:4      | You fall into a shaft and drop 2 floors!
  2199 | D:5      | Entered Level 5 of the Dungeon
  2228 | D:5      | Reached XP level 7. HP: 22/66 MP: 7/7
  2314 | D:4      | Reached skill level 8 in Unarmed Combat
  2620 | D:4      | Reached skill level 9 in Unarmed Combat
  2652 | D:4      | Found Ysmokh's Elemental Accessories.
  2859 | D:5      | Reached **** piety under Lugonu
  2860 | D:5      | Reached XP level 8. HP: 62/74 MP: 8/8
  3337 | D:5      | Found a sacrificial altar of Ru.
  3584 | D:6      | Reached skill level 10 in Unarmed Combat
  3619 | D:6      | Found a shadowy altar of Dithmenos.
  3865 | D:6      | Noticed Pikel
  3878 | D:6      | Killed Pikel
  3879 | D:6      | Reached skill level 11 in Unarmed Combat
  3929 | D:6      | Reached XP level 9. HP: 80/80 MP: 9/9
  4639 | D:7      | Found a staircase to the Ecumenical Temple.
  4664 | Temple   | Entered the Ecumenical Temple
  4725 | D:7      | Noticed a deep elf pyromancer
  4732 | D:7      | Killed a deep elf pyromancer
  5175 | D:7      | Found a stormy altar of Qazlal.
  5240 | D:8      | Found a shimmering blue altar of Sif Muna.
  5408 | D:8      | Reached skill level 5 in Invocations
  5437 | D:8      | Identified the +0 robe "Aphe" {Dex+8 Archmagi}
  5905 | D:9      | Noticed Joseph
  5972 | D:9      | Killed Joseph
  5973 | D:9      | Reached XP level 10. HP: 73/94 MP: 13/13
  6328 | D:9      | Reached skill level 5 in Fighting
  6341 | D:9      | Found a staircase to the Lair.
  6716 | Lair:1   | Entered Level 1 of the Lair of Beasts
  7088 | Lair:1   | Reached ***** piety under Lugonu
  7282 | Lair:1   | Noticed an orange crystal statue
  7310 | Lair:1   | Noticed a cane toad
  7332 | Lair:1   | Noticed a cane toad
  7339 | Lair:1   | Killed a cane toad
  7342 | Lair:1   | Killed a cane toad
  7831 | Lair:1   | Noticed a cane toad
  7835 | Lair:1   | Killed a cane toad
  7836 | Lair:1   | Reached XP level 11. HP: 84/107 MP: 16/16
  8099 | Lair:2   | Noticed a six-headed hydra
  8130 | Lair:3   | Mangled by a blink frog

Illustrated notes

Levels and vault maps discovered:
D:1:      minmay_arrival_diagonal_passages, layout_loops_ring, serial_shops,
          nicolae_shop_crystal, serial_bayou_crossing
D:2:      layout_rooms, chequers_ecumenical_altar_simple, serial_shops, shop,
          guppyfry_early_orc_mine
D:3:      layout_loops_ring, beargit_hepliaklqana_dungeon_heroes,
          minmay_misc_feat_tower, uniq_grinder
D:4:      layout_rooms, nicolae_elemental_shop
D:5:      layout_basic, hangedman_ru_absence, hangedman_abyss_or_decor_stabs
D:6:      layout_basic, mainiacjoe_overflow_six_doors_small, minmay_between,
          uniq_pikel
D:7:      layout_loops_ring, nicolae_qazlal_eye_of_the_storm, temple_green,
          moated_statue
D:8:      layout_rooms, kennysheep_little_box
D:9:      layout_basic, lair_entry_dummy, uniq_joseph
Temple:   nicolae_temple_elliptical
Lair:1:   layout_layer_cave, st_stairs_4, disabler_island
Lair:2:   layout_concentric_octagons, portal_ice_cave_entry_pillars_2,
          gammafunk_ghost_hive, hangedman_tree_tricks
Lair:3:   layout_cave_pods

Skill      XL: |  1  2  3  4  5  6  7  8  9 10 |
---------------+-------------------------------+-----
Unarmed Combat | 3 4 6 7 9 11 | 11.9
Invocations    | 6 8 |  8.1
Fighting       | 4 6 |  6.7
Dodging        | 3 |  3.9

Action                   |  1- 3 |  4- 6 |  7- 9 | 10-12 || total
-------------------------+-------+-------+-------+-------++-------
Melee: Unarmed           |   112 |   113 |   254 |   131 ||   610
       Punch             |       |     1 |    11 |     7 ||    19
Throw: Javelin           |       |       |     1 |     4 ||     5
Invok: Depart the Abyss  |     1 |       |       |       ||     1
       Bend Space        |       |       |     1 |     1 ||     2
  Use: Scroll            |       |     3 |       |    16 ||    19
 Stab: Sleeping          |     1 |       |       |       ||     1
Armor: Robe              |    40 |    22 |    43 |    26 ||   131
Dodge: Dodged            |    59 |    31 |   120 |    75 ||   285
       Repelled          |       |       |     3 |     1 ||     4

Table legend: (Time is in decaauts)
 A = Elapsed time spent in this place.
 B = Non-inter-level travel time spent in this place.
 C = Inter-level travel time spent in this place.
 D = Time resting spent in this place.
 E = Time spent auto-exploring this place.
 F = Levels seen in this place.
 G = Mean time per level.
                   A        B        C        D        E       F      G
               +--------+--------+--------+--------+--------+-----+--------+
         Total |   8062 |   7728 |    334 |    366 |   5563 |  15 |  537.5 |
       Dungeon |   6653 |   6344 |    309 |    314 |   4621 |   9 |  739.2 |
        Temple |      1 |      1 |      0 |      0 |      0 |   1 |    1.0 |
          Lair |   1320 |   1295 |     25 |     52 |    894 |   3 |  440.0 |
         Abyss |     86 |     86 |      0 |      0 |     48 |   2 |   43.0 |
               +--------+--------+--------+--------+--------+-----+--------+

Top non-repeatable levels by time:
  Lair:1: 1259 daAuts
     D:6: 1088 daAuts
     D:3: 849 daAuts
     D:9: 835 daAuts
     D:5: 741 daAuts
     D:7: 716 daAuts
     D:1: 695 daAuts
     D:8: 652 daAuts
     D:4: 563 daAuts
     D:2: 510 daAuts
 Abyss:1: 60 daAuts
  Lair:2: 57 daAuts
 Abyss:2: 26 daAuts
  Lair:3: 4 daAuts
  Temple: 1 daAuts
